Map: Oxide LE

Players

uThermal - Winner!

  • Race: Terran Terran

Lilbow

  • Race: Protoss Protoss

Event: DreamHack SC2 Masters 2021 Winter

VOD

Have the link to the VOD?

Description

Time

  • Played on: Sept. 29, 2021, 12:36 p.m.
  • Length: 9:29

All games in this series

Show
View Real Time Build Order
Export as new Build Order

uThermal Terran - Winner!

Build Orders: Reaper Expand, Banshee Rush 

Get SALT Encoding   

  12  0:00  SCV  
  13  0:12  SCV  
  14  0:17  Supply Depot  
  14  0:24  SCV  
  15  0:38  SCV  
  15  0:39  Barracks  
  16  0:43  Refinery  
  16  0:50  SCV  
  17  1:02  SCV  
  18  1:15  SCV  
  19  1:27  Reaper, Orbital Command  
  20  1:39  Command Center  
  20  1:49  Supply Depot  
  20  1:53  SCV  
  21  1:59  Marine  
  22  2:05  SCV  
  22  2:08  Factory  
  23  2:17  SCV  
  23  2:19  Bunker  
  23  2:20  Barracks Reactor  
  24  2:26  Refinery  
  24  2:29  SCV  
  25  2:51  SCV  
  26  2:53  Hellion, Orbital Command  
  26  2:56  Marine  
  26  2:57  Marine  
  30  2:59  Starport  
  30  3:03  SCV  
  31  3:14  Marine x2  
  31  3:15  SCV, Factory Tech Lab  
  34  3:20  SCV  
  35  3:27  SCV  
  35  3:32  SCV, Marine x2  
  39  3:39  SCV  
  40  3:42  Factory Tech Lab  
  40  3:44  Cloaking Field, Banshee  
  40  3:46  SCV  
  44  3:51  SCV  
  44  3:53  Marine  
  44  3:54  Marine  
  44  3:55  Supply Depot  
  44  4:05  SCV  
  44  4:06  SCV  
  46  4:10  Supply Depot  
  46  4:13  Engineering Bay  
  46  4:16  Siege Tank, Marine x2  
  51  4:17  SCV  
  51  4:22  Bunker  
  52  4:25  SCV  
  52  4:29  SCV  
  54  4:32  Banshee  
  54  4:34  Marine x2  
  54  4:38  SCV  
  60  4:42  SCV  
  60  4:44  Barracks  
  61  4:48  Barracks  
  61  4:53  SCV  
  62  5:02  Siege Tank, Marine x2  
  62  5:03  Supply Depot, Refinery  
  62  5:05  SCV  
  68  5:08  SCV  
  69  5:18  SCV  
  70  5:24  Supply Depot  
  70  5:25  SCV, Raven, Marine  
  74  5:30  SCV, Marine  
  76  5:37  SCV  
  76  5:41  Factory Tech Lab  
  76  5:42  SCV  
  78  5:48  Stimpack  
  78  5:49  Marauder  
  81  5:50  Supply Depot  
  81  5:51  Refinery  
  82  6:01  Siege Tank  
  82  6:03  Marine  
  84  6:04  Command Center, Marine  
  84  6:09  Supply Depot  
  85  6:12  Marauder  
  85  6:16  Marauder  
  85  6:17  Combat Shield  
  89  6:24  Supply Depot, Marine, Starport Reactor  
  89  6:25  Marine  
  91  6:26  SCV  
  91  6:27  SCV  
  91  6:30  Terran Infantry Weapons Level 1  
  91  6:31  Supply Depot  
  93  6:34  Marauder  
  93  6:37  Marine  
  96  6:40  Barracks  
  96  6:44  Marine, Barracks  
  96  6:45  Factory Reactor  
  96  6:46  Marine  
  98  6:54  Marine  
  98  6:55  Marauder  
  98  6:57  Supply Depot  
  98  6:59  SCV x2  
  60  7:01  Medivac x2  
  103  7:02  Marine  
  103  7:05  Marine  
  103  7:06  Missile Turret  
  103  7:07  Missile Turret  
  109  7:13  Marauder  
  111  7:16  Marine  
  112  7:23  Supply Depot  
  112  7:25  Widow Mine x2  
  112  7:26  Marine x2  
  112  7:29  SCV  
  119  7:31  Medivac x2  
  119  7:34  Marauder  
  125  7:37  Marauder, Supply Depot, Marine  
  125  7:38  Supply Depot  
  125  7:44  Barracks Reactor, SCV  
  128  7:47  Widow Mine x2  
  133  7:51  SCV  
  133  7:52  Orbital Command  
  133  7:55  Marauder  
  133  7:57  Bunker, Marine x2  
  138  7:59  Concussive Shells, Marine  
  138  8:01  Medivac  
  138  8:04  SCV x2  
  143  8:08  Marauder  
  145  8:14  Supply Depot  
  145  8:15  Marine  
  145  8:16  SCV, Marine  
  145  8:17  SCV  
  145  8:19  SCV  
  150  8:20  Marine  
  150  8:21  Marine  
  150  8:22  Marine  
  153  8:27  Supply Depot, Marine  
  153  8:28  SCV  
  153  8:32  Marine x2  
  157  8:38  Supply Depot, Marine x2  
  157  8:40  Viking  
  161  8:41  Viking  
  161  8:43  SCV x2  
  165  8:51  Supply Depot  
  165  8:55  Marine  
  165  8:56  Marauder  
  165  8:59  Marauder, Marine  
  165  9:00  Marauder, Marine  
  174  9:04  Marine  
Show
View Real Time Build Order
Export as new Build Order

Lilbow Protoss 

Build Orders: 1 Gate Expand, Blink Stalkers, Colossus Rush 

Get SALT Encoding   

  12  0:00  Probe  
  13  0:12  Probe  
  14  0:16  Pylon  
  14  0:24  Probe (Chrono Boost)  
  16  0:36  Probe (Chrono Boost)  
  16  0:39  Gateway  
  16  0:43  Probe (Chrono Boost)  
  16  0:45  Assimilator  
  17  0:50  Probe  
  18  1:03  Probe  
  19  1:15  Probe  
  20  1:21  Nexus  
  20  1:30  Cybernetics Core  
  20  1:33  Probe  
  20  1:38  Assimilator  
  21  1:45  Probe  
  22  1:49  Pylon  
  22  1:57  Probe  
  23  2:04  Adept (Chrono Boost)  
  23  2:07  Warp Gate  
  25  2:10  Probe  
  26  2:18  Twilight Council  
  26  2:22  Probe  
  27  2:27  Stalker  
  29  2:34  Probe x2  
  31  2:46  Probe x2  
  33  2:54  Blink (Chrono Boost)  
  33  2:58  Probe x2  
  35  3:11  Robotics Facility, Probe (Chrono Boost)  
  37  3:13  Probe (Chrono Boost)  
  37  3:22  Probe (Chrono Boost)  
  37  3:25  Gateway  
  37  3:26  Gateway, Probe (Chrono Boost)  
  39  3:27  Probe (Chrono Boost)  
  40  3:39  Probe x2  
  40  3:51  Probe x2  
  42  4:00  Nexus  
  40  4:03  Probe (Chrono Boost)  
  40  4:04  Probe (Chrono Boost)  
  40  4:09  Robotics Bay, Forge  
  42  4:13  Probe (Chrono Boost)  
  42  4:14  Probe (Chrono Boost)  
  44  4:18  Probe (Chrono Boost)  
  44  4:20  Observer (Chrono Boost)  
  46  4:24  Pylon  
  46  4:28  Assimilator  
  46  4:30  Assimilator  
  46  4:42  Probe x2, Protoss Ground Weapons Level 1 (Chrono Boost)  
  46  4:45  Pylon  
  48  4:51  Observer  
  48  4:54  Probe (Chrono Boost)  
  48  4:56  Probe (Chrono Boost)  
  50  5:02  Colossus  
  50  5:06  Probe (Chrono Boost)  
  58  5:08  Zealot x2  
  58  5:11  Probe (Chrono Boost), Charge  
  58  5:13  Probe (Chrono Boost)  
  64  5:15  Probe (Chrono Boost)  
  64  5:20  Probe x2 (Chrono Boost)  
  64  5:21  Stalker  
  63  5:29  Stalker x2  
  63  5:30  Probe (Chrono Boost)  
  63  5:33  Probe (Chrono Boost)  
  65  5:36  Probe (Chrono Boost)  
  65  5:38  Probe (Chrono Boost)  
  65  5:39  Probe (Chrono Boost)  
  65  5:40  Photon Cannon  
  66  5:43  Probe  
  66  5:47  Probe  
  66  5:49  Probe  
  69  5:51  Extended Thermal Lance  
  69  5:55  Probe  
  70  5:59  Probe, Pylon  
  70  6:01  Probe  
  72  6:07  Probe  
  72  6:09  Observer (Chrono Boost)  
  74  6:11  Probe  
  74  6:12  Shield Battery  
  74  6:13  Probe  
  76  6:19  Probe  
  76  6:23  Zealot x3  
  76  6:25  Probe  
  84  6:26  Pylon  
  84  6:28  Probe  
  85  6:37  Gateway  
  85  6:38  Gateway  
  85  6:42  Forge  
  85  6:44  Probe x3  
  88  6:55  Stalker x2  
  88  6:56  Probe  
  93  7:01  Assimilator  
  93  7:04  Templar Archives  
  93  7:05  Assimilator  
  93  7:08  Protoss Ground Armor Level 1 (Chrono Boost)  
  93  7:11  Probe  
  93  7:12  Probe  
  93  7:14  Probe  
  93  7:17  Pylon  
  92  7:23  Probe (Chrono Boost)  
  93  7:30  Shield Battery  
  93  7:31  Probe (Chrono Boost)  
  93  7:32  Probe (Chrono Boost)  
  93  7:35  Probe (Chrono Boost)  
  93  7:36  Zealot x2  
  95  7:42  Probe (Chrono Boost)  
  95  7:43  Probe (Chrono Boost)  
  95  7:44  Probe (Chrono Boost)  
  96  7:47  Probe x2 (Chrono Boost)  
  96  7:49  Probe, Shield Battery  
  98  7:55  Pylon  
  98  7:58  Gateway, Probe x2  
  100  8:01  Gateway  
  101  8:13  Probe x3, High Templar x2  
  101  8:16  Pylon  
  108  8:24  Gateway  
  108  8:25  Probe  
  108  8:26  Pylon  
  109  8:27  Gateway  
  109  8:28  Pylon  
  109  8:29  Gateway  
  109  8:33  Colossus  
  116  8:34  Probe  
  116  8:35  Archon  
  116  8:45  Pylon  
  116  8:47  Pylon  
  116  8:48  Nexus, High Templar, Pylon  
  116  8:49  High Templar x3  
  116  8:50  Zealot  
  116  8:54  Archon x2, Pylon  
  126  8:56  High Templar x2  
  130  9:11  Archon  
  130  9:12  Zealot  
  132  9:21  Zealot  
  132  9:22  Zealot x2  

Tags
 
Add a new tag
Caveats
  • Supply blocks, unpowered buildings, or Contaminate may cause inaccurate times.
  • Supply counts are checked every 10 seconds.